 Dungeon Crawl Stone Soup version 0.27-a0-1296-g8ece459b43 (webtiles) character file.

Game seed: 12294701082693399113

49 Delamore the Skirmisher (level 4, -1/37 HPs)
             Began as a Formicid Fighter on June 16, 2021.
             Succumbed to a gnoll's poison
             ... on level 2 of the Dungeon.
             The game lasted 00:01:17 (1239 turns).

Delamore the Skirmisher (Formicid Fighter)          Turns: 1239, Time: 00:01:18

Health: -1/37      AC:  6    Str: 21    XL:     4   Next: 1%
Magic:  4/4        EV: 12    Int:  8    God:
Gold:   37         SH:  9    Dex: 10    Spells: 3/3 levels left

rFire    . . .     SeeInvis +   a - +0 trident
rCold    . . .     Faith    .   c - +0 kite shield
rNeg     . . .     Spirit   .   b - +0 scale mail
rPois    .         Reflect  .   (helmet unavailable)
rElec    .         Harm     .   (no cloak)
rCorr    .         Rampage  .   (no gloves)
Will     .....                  (no boots)
Stlth    ..........             (no amulet)
HPRegen  0.12/turn              g - +4 ring of evasion
MPRegen  0.09/turn              (no ring)

@: lethally poisoned (-1 -> -39)
A: permanent stasis, dig shafts and tunnels, antennae 3, four strong arms
a: Dig, Shaft Self


You were on level 2 of the Dungeon.
You visited 1 branch of the dungeon, and saw 2 of its levels.

You collected 37 gold pieces.

Inventory:

Hand Weapons
 a - a +0 trident (weapon)
Armour
 b - a +0 scale mail (worn)
 c - a +0 kite shield (worn)
Jewellery
 g - a +4 ring of evasion (left hand)
Scrolls
 f - a scroll of identify {unknown}
Potions
 d - a potion of might
 e - a potion of invisibility {unknown}
 h - a potion of heal wounds {unknown}


   Skills:
 + Level 3.9 Fighting
 * Level 3.4 Polearms
 - Level 3.2 Armour
 - Level 3.6 Shields


You had 3 spell levels left.
You didn't know any spells.
Your spell library was empty.

Dungeon Overview and Level Annotations

Branches:
Dungeon (2/15)

Altars:


Innate Abilities, Weirdness & Mutations

You cannot be hasted, slowed, berserked, paralysed or teleported.
You can dig through walls and to a lower floor.
You have a pair of large antennae on your head. (SInv)
Your four strong arms can wield two-handed weapons with a shield.


Message History

You block the gnoll's attack. The dart slug launches a dart at you.
You block the slug dart.
You hit the dart slug.
You kill the dart slug!
You block the gnoll's attack. The gnoll misses you.
You have reached level 4!
You feel clever.
You reach to attack!
You hit the gnoll.
The gnoll is moderately wounded.
The gnoll misses you.
You reach to attack!
Your scale mail prevents you from hitting the gnoll.
The gnoll is moderately wounded.
The gnoll hits you from afar with a +1 halberd of venom.
You are poisoned.
The gnoll hits you from afar with a +1 halberd of venom!
You are more poisoned.
You reach to attack!
You closely miss the gnoll.
The gnoll is moderately wounded.
You feel extremely sick.
The gnoll hits you from afar with a +1 halberd of venom!
* * * LOW HITPOINT WARNING * * *
You are more poisoned.
You are too injured to fight recklessly!
You are too injured to fight recklessly!
You are too injured to fight recklessly!
You are too injured to fight recklessly!
You are too injured to fight recklessly!
You are too injured to fight recklessly!
You are too injured to fight recklessly!
You are too injured to fight recklessly!
You are too injured to fight recklessly!
You are too injured to fight recklessly!
You are too injured to fight recklessly!
You are too injured to fight recklessly!
You are too injured to fight recklessly!
You are too injured to fight recklessly!
You are too injured to fight recklessly!
You die...

###
#@#
#.#
#g#
#.#
#.#
#.#
#)#
#.#
#..


You could see a gnoll.

Vanquished Creatures
  2 gnolls (D:2)
  2 dart slugs
  4 bats (D:1)
  2 endoplasms (D:1)
  A giant cockroach (D:1)
  3 goblins (D:1)
  2 hobgoblins (D:1)
  A quokka (D:1)
  3 frilled lizards (D:1)
  2 kobolds (D:1)
  2 rats (D:1)
24 creatures vanquished.

Vanquished Creatures (others)
  A plant (D:2)
1 creature vanquished.

Grand Total: 25 creatures vanquished

Notes
Turn   | Place    | Note
-------+----------+-------------------------------------------
     0 | D:1      | Delamore the Formicid Fighter began the quest for the Orb.
     0 | D:1      | Reached XP level 1. HP: 18/18 MP: 1/1
   194 | D:1      | Reached XP level 2. HP: 18/24 MP: 2/2
   763 | D:1      | Reached XP level 3. HP: 30/30 MP: 3/3
   953 | D:1      | Found a faded altar of an unknown god.
   972 | D:1      | Found a faded altar of an unknown god.
  1236 | D:2      | Reached XP level 4. HP: 37/37 MP: 4/4
  1239 | D:2      | Succumbed to a gnoll's poison

Illustrated notes

Levels and vault maps discovered:
D:1:      dpeg_arrival_tiny_c, layout_basic,
          hellmonk_ecumenical_altar_the_god_not_taken
D:2:      layout_basic, serial_forest, infiniplex_forest_split,
          infiniplex_forest_split, infiniplex_forest_clump_long,
          infiniplex_forest_lined_3, infiniplex_forest_clump_tiny,
          infiniplex_forest_lined_corner, infiniplex_forest_zigzag_2,
          infiniplex_forest_clump_large, infiniplex_forest_end_2

Skill      XL: |  1  2  3 |
---------------+----------+-----
Polearms       | 3 |  3.4
Fighting       | |  3.9
Armour         | |  3.2
Shields        | |  3.6

Action                   |  1- 3 |  4- 6 || total
-------------------------+-------+-------++-------
Melee: Trident           |    94 |     3 ||    97
Armor: Scale mail        |    48 |       ||    48
Dodge: Dodged            |    51 |     1 ||    52
Block: Kite shield       |    59 |       ||    59

Table legend: (Time is in decaauts)
 A = Elapsed time spent in this place.
 B = Non-inter-level travel time spent in this place.
 C = Inter-level travel time spent in this place.
 D = Time resting spent in this place.
 E = Time spent auto-exploring this place.
 F = Levels seen in this place.
 G = Mean time per level.
                   A        B        C        D        E       F      G
               +--------+--------+--------+--------+--------+-----+--------+
         Total |   1272 |   1214 |     58 |     76 |    940 |   2 |  636.0 |
       Dungeon |   1272 |   1214 |     58 |     76 |    940 |   2 |  636.0 |
               +--------+--------+--------+--------+--------+-----+--------+

Top non-repeatable levels by time:
     D:1: 1233 daAuts
     D:2: 39 daAuts
